 Dungeon Crawl Stone Soup version 0.29-a0-506-ga2e7fffb44 (webtiles) character file.

Game seed: 12801211556030663358

1061 porpoise the Archer (level 8, -1/51 HPs)
             Began as a Tengu Hunter on May 29, 2022.
             Slain by Maggie
             ... wielding a +2 scimitar of flaming
              (4 damage)
             ... on level 6 of the Dungeon.
             The game lasted 00:12:36 (4254 turns).

porpoise the Archer (Tengu Hunter)                  Turns: 4254, Time: 00:12:37

Health: -1/51      AC:  9    Str: 21    XL:     8   Next: 27%
Magic:  9/9        EV: 15    Int: 10    God:
Gold:   95         SH:  0    Dex: 19    Spells: 7/7 levels left

rFire   . . .      SeeInvis +   a - +1 shortbow
rCold   . . .      Faith    .   (shield currently unavailable)
rNeg    . . .      Spirit   .   D - +6 leather armour of a bailey {-Cast Regen+ Str+3 SInv}
rPois   .          Reflect  .   (helmet restricted)
rElec   .          Harm     .   (no cloak)
rCorr   +          Rampage  .   (no gloves)
Will    .....      NoCast   +   (boots unavailable)
Stlth   +++.......              t - amulet of regeneration
HPRegen 1.77/turn               f - ring of resist corrosion
MPRegen 0.11/turn               k - +6 ring of strength

@: flying quickly and evasively, mesmerised, quick
A: beak, talons 3, nimble flight
a: no special abilities


You were on level 6 of the Dungeon.
You visited 1 branch of the dungeon, and saw 6 of its levels.

You collected 214 gold pieces.
You spent 119 gold pieces at shops.

Inventory:

Hand Weapons
 a - a +1 shortbow (weapon)
 b - a +2 dagger of holy wrath
Missiles
 m - 3 boomerangs of dispersal
 u - 7 poisoned darts
 z - a throwing net
Armour
 y - a +0 leather armour
 A - an orb of light
 D - the +6 leather armour of a bailey (worn) {-Cast Regen+ Str+3 SInv}
   (You found it on level 6 of the Dungeon)

   Str:       It affects your strength (+3).
   SInv:      It lets you see invisible.
   -Cast:     It prevents spellcasting.
   Regen:     It increases your rate of health regeneration.
Jewellery
 f - a ring of resist corrosion (left hand)
 k - a +6 ring of strength (right hand)
 t - an amulet of regeneration (around neck)
Wands
 v - a wand of acid (4)
 B - a wand of mindburst (14)
Scrolls
 c - a scroll of immolation
 e - a scroll of magic mapping {unknown}
 g - a scroll of brand weapon {unknown}
 j - a scroll of fog {unknown}
 l - 2 scrolls of teleportation
 n - a scroll of vulnerability {unknown}
 p - a scroll of enchant armour {unknown}
 q - a scroll of fear
 w - a scroll of identify
Potions
 d - a potion of heal wounds
 h - 2 potions of curing
 i - a potion of brilliance
 o - a potion of resistance {unknown}
 r - 2 potions of lignification
 s - 2 potions of degeneration {unknown}
 x - 2 potions of attraction {unknown}
 C - a potion of flight {unknown}
 E - a potion of cancellation {unknown}


   Skills:
 + Level 6.0 Fighting
 + Level 8.6 Bows
 - Level 2.1 Dodging
 + Level 3.6 Stealth


You had 7 spell levels left.
You didn't know any spells.
Your spell library contained the following spells:

 Spells                   Type           Power      Damage    Failure   Level
 Shock                    Conj/Air       0%         1d3       41%         1
 Summon Small Mammal      Summ           0%         N/A       41%         1
 Static Discharge         Conj/Air       0%         N/A       54%         2
 Call Canine Familiar     Summ           0%         N/A       78%         3
 Summon Guardian Golem    Hex/Summ       0%         N/A       78%         3
 Swiftness                Air            0%         N/A       78%         3
 Tukima's Dance           Hex            0%         N/A       78%         3
 Airstrike                Air            0%         N/A       99%         4
 Passage of Golubria      Tloc           0%         N/A       99%         4
 Lightning Bolt           Conj/Air       0%         1d11      100%        5
 Yara's Violent Unravell  Hex/Tmut       0%         3d3       100%        5
 Maxwell's Capacitive Co  Air            0%         ∞         100%        8


Dungeon Overview and Level Annotations

Branches:
Dungeon (6/15)
 Temple: D:4-7

Altars:

Shops:
D:3 *   D:4 [((

Annotations:
D:6 Maggie


Innate Abilities, Weirdness & Mutations

You have a beak for a mouth.
You have claws for feet.
Your magical nature lets you fly swiftly and evasively.


Message History

Maggie is heavily wounded.
Maggie completely misses you.
You shoot an arrow. The arrow hits Maggie!
Maggie is severely wounded.
Maggie hits you with a +2 scimitar of flaming.
Maggie burns you.
You shoot an arrow. The arrow hits Maggie!
Maggie is severely wounded.
Maggie gestures at you while chanting.
The bolt of fire hits you but does no damage.
You shoot an arrow. The arrow hits Maggie.
Maggie is almost dead.
Maggie hits you with a +2 scimitar of flaming!
Maggie burns you.
You are too injured to fight recklessly!
You are too injured to fight recklessly!
Shoot: a) +1 shortbow
Press: ? - help, Q - select action, (/) - cycle Shift-Dir - straight line, f/p - Maggie
Aim: Maggie, wielding a +2 scimitar of flaming and wearing +0 swamp dragon scales (almost dead, mesmerising, 72% to hit)
You shoot an arrow. The arrow hits Maggie!
Maggie is almost dead.
Maggie hits you with a +2 scimitar of flaming!
* * * LOW HITPOINT WARNING * * *
Maggie burns you.
* * * LOW HITPOINT WARNING * * *
Shoot: a) +1 shortbow
Press: ? - help, Q - select action, (/) - cycle Shift-Dir - straight line, f/p - Maggie
Aim: Maggie, wielding a +2 scimitar of flaming and wearing +0 swamp dragon scales (almost dead, mesmerising, 72% to hit)
You shoot an arrow.
The arrow hits Maggie but does no damage.
Maggie is almost dead.
Maggie barely misses you.
Shoot: a) +1 shortbow
Press: ? - help, Q - select action, (/) - cycle Shift-Dir - straight line, f/p - Maggie
Aim: Maggie, wielding a +2 scimitar of flaming and wearing +0 swamp dragon scales (almost dead, mesmerising, 72% to hit)
You shoot an arrow. The arrow closely misses Maggie.
Maggie hits you with a +2 scimitar of flaming!
* * * LOW HITPOINT WARNING * * *
Maggie burns you.
You die...

######...........#
.....#...........#
.....#...........#######
.....#..................
.....#..................
.....#..................
.....#......)...........
####'#...........@......
.....#.....(....@#######
...).#...........#.....#
.....#...........'.....#
.....#...........#.....#
.....#...........#######
.....#...........#
..##.#...........#
####.###'##......#
..........#......#


You could see Maggie (mesmerising).

Vanquished Creatures
  Pikel (D:6)
  A water moccasin (D:4)
  A black bear (D:5)
  A centaur (D:6)
  A phantom (D:5)
  A jelly (D:5)
  An orc priest (D:5)
  An iguana (D:5)
  Ijyb (D:4)
  5 adders
  3 gnolls (D:5)
  A worm (D:4)
  2 dart slugs
  9 orcs
  6 ball pythons
  6 endoplasms
  5 giant cockroaches
  3 goblins
  3 hobgoblins
  8 quokkas
  5 bats
  8 frilled lizards
  5 kobolds
  3 rats
81 creatures vanquished.

Notes
Turn   | Place    | Note
-------+----------+-------------------------------------------
     0 | D:1      | porpoise the Tengu Hunter began the quest for the Orb.
     0 | D:1      | Reached XP level 1. HP: 12/12 MP: 2/2
   306 | D:1      | Reached XP level 2. HP: 18/18 MP: 3/3
   713 | D:1      | Found a faded altar of an unknown god.
  1110 | D:2      | Reached XP level 3. HP: 22/22 MP: 4/4
  1136 | D:2      | Reached skill level 5 in Bows
  1827 | D:3      | Reached XP level 4. HP: 28/28 MP: 5/5
  2231 | D:3      | Found Nyih's General Store.
  2236 | D:3      | Bought a scroll of identify for 28 gold pieces
  2236 | D:3      | Bought a scroll of fear for 49 gold pieces
  2239 | D:3      | Bought a scroll of teleportation for 42 gold pieces
  2712 | D:4      | Found Izupemacw's Antique Armour Emporium.
  2714 | D:4      | Found Olie's Antique Weapon Emporium.
  2733 | D:4      | Noticed Ijyb
  2743 | D:4      | Killed Ijyb
  2744 | D:4      | Gained mutation: Your magical nature lets you fly swiftly
                  | and evasively. [Tengu growth]
  2744 | D:4      | Reached XP level 5. HP: 25/33 MP: 6/6
  2863 | D:4      | Noticed a water moccasin
  2873 | D:4      | Killed a water moccasin
  2874 | D:4      | Reached skill level 6 in Bows
  2874 | D:4      | Reached XP level 6. HP: 15/39 MP: 7/7
  3186 | D:4      | Found Hero's Weapon Shoppe.
  3267 | D:5      | Entered Level 5 of the Dungeon
  3477 | D:5      | Reached skill level 5 in Fighting
  3693 | D:5      | Reached skill level 7 in Bows
  3714 | D:5      | Reached XP level 7. HP: 32/44 MP: 8/8
  4148 | D:6      | Noticed Pikel
  4160 | D:6      | Killed Pikel
  4161 | D:6      | Reached skill level 8 in Bows
  4161 | D:6      | Reached XP level 8. HP: 36/51 MP: 9/9
  4199 | D:6      | Identified the +6 leather armour of a bailey {-Cast Regen+
                  | Str+3 SInv}
  4237 | D:6      | Noticed Maggie
  4254 | D:6      | Slain by Maggie

Illustrated notes

Levels and vault maps discovered:
D:1:      erik_arrival_triangle_huge, layout_loops_ring, basic_ecumenical_altar
D:2:      layout_loops_ring, kennysheep_generic_room_15
D:3:      layout_loops_ring, serial_shops, nicolae_shop_trees
D:4:      layout_rooms, serial_shops, nicolae_shop_trees, nicolae_shop_crystal,
          nicolae_shop_bloodbath_and_beyond, uniq_ijyb
D:5:      cheibrodos_helix_gallery, layout_basic
D:6:      layout_gridville, minmay_temple_entry_fiery, grunt_ministairs_12,
          uniq_maggie, uniq_pikel, uniq_duvessa

Skill      XL: |  1  2  3  4  5  6  7  8 |
---------------+-------------------------+-----
Bows           | 5 6 7 8 |  8.6
Fighting       | 3 4 5 6 |  6.0
Stealth        | 3 |  3.6
Dodging        | |  2.1

Action                   |  1- 3 |  4- 6 |  7- 9 || total
-------------------------+-------+-------+-------++-------
 Fire: Shortbow          |    82 |   136 |    55 ||   273
Evoke: Wand              |       |       |     3 ||     3
  Use: Scroll            |       |     4 |       ||     4
       Potion            |       |     3 |       ||     3
Armor: Leather armour    |    14 |     3 |     8 ||    25
Dodge: Dodged            |    11 |    35 |    22 ||    68

Table legend: (Time is in decaauts)
 A = Elapsed time spent in this place.
 B = Non-inter-level travel time spent in this place.
 C = Inter-level travel time spent in this place.
 D = Time resting spent in this place.
 E = Time spent auto-exploring this place.
 F = Levels seen in this place.
 G = Mean time per level.
                   A        B        C        D        E       F      G
               +--------+--------+--------+--------+--------+-----+--------+
         Total |   4199 |   4038 |    161 |    468 |   2996 |   6 |  699.8 |
       Dungeon |   4199 |   4038 |    161 |    468 |   2996 |   6 |  699.8 |
               +--------+--------+--------+--------+--------+-----+--------+

Top non-repeatable levels by time:
     D:1: 992 daAuts
     D:3: 871 daAuts
     D:2: 845 daAuts
     D:5: 802 daAuts
     D:4: 554 daAuts
     D:6: 132 daAuts
